cohdb
Replays
Latest Replays
All Replays
Popular Replays
Top Player Replays
Match Explorer
How It Works
Community
CoH3 Stats
Reddit
Sign in to upload your games and track your stats! →
Sign in with Steam
Match 46143059
Unlisted
Match 46143059
Overview
Messages
Build Orders
End
Panzergrenadier Squad
250 Light Carrier
Panzergrenadier Squad
Construct Light Support Kompanie
MG34 Team
Panzerjäger Squad
Combat Half-tracks
2.5-tonne Medical Truck
Fire Support Elements
Pak 38 Anti-tank Gun Team
Selects Italian Infantry
Selects Guastatori Squad
Guastatori Squad
Construct Panzerarmee Kommand
Selects Defensive Operations
Selects Prepared Positions
Walking Stuka Rocket Launcher
Armored Reserves
Selects Registered Artillery
Selects Towed Cannone da 105/28 Field Howitzer
Panzer IV Assault Group
Pak 38 Anti-tank Gun Team
Selects Propaganda War
Panzerpioneer Squad
Franz
Ermac
P3prime
Scramble
0
0
Comments
sign in to comment!
No comments posted yet!